 Dungeon Crawl Stone Soup version 0.26-a0-667-g92642533e4 (webtiles) character file.

Game seed: 6213188438639933954

123483 mandarbmax the Black Belt (level 16, -6/87 HPs)
             Began as a Vine Stalker Transmuter on Oct 16, 2020.
             Was the Champion of Cheibriados.
             Collided with some deep water (7 damage)
             ... caused by a swamp worm
             ... on level 2 of the Swamp.
             The game lasted 02:15:23 (24795 turns).

mandarbmax the Black Belt (VSTm)                   Turns: 24795, Time: 02:15:24

Health: -6/87      AC: 12    Str: 39    XL:     16   Next: 90%
Magic:  0/32       EV: 27    Int: 34    God:    Cheibriados [******]
Gold:   986        SH:  0    Dex: 42    Spells: 4/23 levels left

rFire    . . .     SeeInvis .     - Unarmed
rCold    . . .     Faith    +   (shield currently unavailable)
rNeg     + . .     Spirit   +   P - +0 swamp dragon scales
rPois    +         Reflect  .   N - +2 helmet {Int+3}
rElec    .         Harm     .   F - scarf {shadows}
rCorr    .         Rampage  .   (gloves currently unavailable)
MR       ++...                  o - +0 pair of boots
Stlth    +++++++...             D - amulet "Jaecy" {Faith Str+7 Stlth+}
HPRegen  1.04/turn              C - +6 ring of dexterity
MPRegen  0.23/turn              M - ring "Hiafizeryx" {rN+ MP+9 Str+2 Dex+4}

@: blade hands, studying Fire Magic, very slow
A: fangs 3, regeneration 2, magic shield, antimagic bite, no potion heal 3, rot
immunity
a: End Transformation, Bend Time, Temporal Distortion, Slouch, Step From Time,
Renounce Religion


You were on level 2 of the Swamp.
You worshipped Cheibriados.
Cheibriados was exalted by your worship.
You had blades for hands.
You visited 4 branches of the dungeon, and saw 25 of its levels.
You visited 1 bazaar.
You also visited: Ossuary, Gauntlet, Ice Cave and Volcano.

You collected 2490 gold pieces.
You spent 1504 gold pieces at shops.

Inventory:

Hand Weapons
 a - the +7 arbalest of the Candle (melded) {penet, Int+2}
   (You found it on level 8 of the Dungeon)

   Ammo fired by it will pass through the targets it hits, potentially hitting
   all targets in its path until it reaches maximum range.
   It affects your intelligence (+2).
Missiles
 g - 122 bolts
 u - 7 curare-tipped darts (quivered)
 A - 9 silver javelins
 B - 5 boomerangs of dispersal
 G - 63 poisoned darts
 R - 5 javelins
 S - 6 throwing nets
 X - 10 silver boomerangs
Armour
 o - a +0 pair of boots (worn)
 w - a scarf of resistance
 x - a +1 pair of gloves (melded)
 F - a scarf of shadows (worn)
 N - a +2 helmet of intelligence (worn)
 P - +0 swamp dragon scales (worn)
Jewellery
 p - the ring of the Devil {MR+ MP+9}
   (You took it off a minotaur in a Gauntlet)

   [ring of magical power]

   It affects your resistance to hostile enchantments.
   It affects your magic capacity (+9).
 s - a +6 ring of strength
 C - a +6 ring of dexterity (left scythe-like blade)
 D - the amulet "Jaecy" (around neck) {Faith Str+7 Stlth+}
   (You bought it in a shop in a bazaar)

   [amulet of faith]

   It allows you to gain divine favour quickly.
   It affects your strength (+7).
   It makes you more stealthy.
 L - an uncursed ring of protection from cold
 M - the ring "Hiafizeryx" (right scythe-like blade) {rN+ MP+9 Str+2 Dex+4}
   (You found it on level 8 of the Dungeon)

   [ring of magical power]

   It affects your strength (+2).
   It affects your dexterity (+4).
   It protects you from negative energy.
   It affects your magic capacity (+9).
Wands
 d - a wand of acid (43)
 q - a wand of digging (24)
 E - a wand of flame (49)
 H - a wand of enslavement (8)
 I - a wand of paralysis (17)
 K - a wand of polymorph (6)
 T - a wand of disintegration (42)
 Z - a wand of iceblast (12)
Scrolls
 c - 7 scrolls of fog
 e - 12 scrolls of blinking
 f - 6 scrolls of remove curse
 j - a scroll of amnesia
 k - 6 scrolls of teleportation
 r - a scroll of enchant weapon
 y - a scroll of fear
 Q - a scroll of silence
 V - a scroll of brand weapon
 W - a scroll of identify
 Y - 2 scrolls of magic mapping
Potions
 b - 5 potions of brilliance
 h - 9 potions of curing
 i - 7 potions of might
 l - 4 potions of mutation
 m - 6 potions of stabbing
 n - 6 potions of resistance
 t - 6 potions of cancellation
 v - 3 potions of flight
 U - a potion of ambrosia
Books
 J - a manual of Fire Magic
Miscellaneous
 O - a box of beasts (3/3)


   Skills:
 - Level 11.0 Fighting
 - Level 3.0 Armour
 - Level 11.0 Dodging
 - Level 12.0 Stealth
 - Level 15.0 Unarmed Combat
 + Level 4.3 Spellcasting
 - Level 10.0 Necromancy
 - Level 10.0 Transmutations
 - Level 1.0 Poison Magic
 - Level 8.0 Invocations
 - Level 4.0 Evocations


You had 4 spell levels left.
You knew the following spells:

 Your Spells              Type           Power        Failure   Level
a - Beastly Appendage     Tmut           #####.       7%          1
b - Wereblood             Tmut           #####...     8%          2
c - Spider Form           Tmut/Pois      ###.......   21%         3
d - Blade Hands           Tmut           #####.....   26%         5
e - Ice Form              Ice/Tmut       ###.....     43%         4
z - Animate Dead          Necr           #####.....   16%         4

Your spell library contained the following spells:

 Spells                   Type           Power        Failure   Level
 Animate Skeleton         Necr           #####.       7%          1
 Pain                     Necr           ####         7%          1
 Vampiric Draining        Necr           #####.....   10%         3
 Apportation              Tloc           #.....       36%         1
 Corona                   Hex            #......      36%         1
 Foxfire                  Conj/Fire      #...         36%         1
 Magic Dart               Conj           #...         36%         1
 Summon Small Mammal      Summ           #...         36%         1
 Blink                    Tloc           N/A          45%         2
 Call Imp                 Summ           #.......     45%         2
 Slow                     Hex            #.......     45%         2
 Mephitic Cloud           Conj/Pois/Air  #.......     58%         3
 Conjure Flame            Conj/Fire      #.......     61%         3
 Inner Flame              Hex/Fire       #.......     61%         3
 Fulminant Prism          Conj/Hex       #.........   89%         4
 Leda's Liquefaction      Hex/Erth       #.........   89%         4
 Sticky Flame             Conj/Fire      #.......     89%         4
 Agony                    Necr           #####...     26%         5
 Fireball                 Conj/Fire      #.........   99%         5
 Metabolic Englaciation   Hex/Ice        #.........   99%         5
 Silence                  Hex/Air        #.........   99%         5


Dungeon Overview and Level Annotations

Branches:
Dungeon (15/15)            Temple (0/1) D:5            Lair (6/6) D:10
  Swamp (2/4) Lair:2       Spider (0/4) Lair:4        Slime (0/5) Lair:5
    Orc (2/2) D:10            Elf (0/3) Orc:2        Vaults (0/5) D:14
 Depths (0/5) D:15        Ossuary (visited)           IceCv (visited)
Volcano (visited)         Gauntlet (visited)

Altars:
Ashenzari
Cheibriados
Elyvilon
Fedhas
Gozag
Hepliaklqana
Makhleb
Nemelex Xobeh
Qazlal
Sif Muna
Trog
Xom
Yredelemnul
Zin
The Shining One
Beogh

Shops:
D:7 (   D:11 [   D:12 !   D:13 !   Orc:1 :   Orc:2 [!?:

Annotations:
Lair:5 exclusion: oklob plant


Innate Abilities, Weirdness & Mutations

You have razor-sharp teeth.
You heal very quickly.
When hurt, damage is shared between your health and your magic reserves.
Your bite disrupts and absorbs the magic of your enemies.
Potions cannot restore your health.
You are immune to rotting.


Message History

Cheibriados thoroughly appreciates the change of pace.
Your surroundings suddenly seem different.
A spriggan rider and a swamp worm come into view.
You hear a splash. x3
The swamp worm fires a harpoon shot at you.
The harpoon shot misses you.
The swamp worm fires a harpoon shot at you.
The harpoon shot misses you.
The swamp worm fires a harpoon shot at you.
The harpoon shot hits you!
* * * LOW HITPOINT WARNING * * *
You are yanked forward by the harpoon shot.
You violently stop moving!
* * * LOW HITPOINT WARNING * * *
The swamp worm fires a harpoon shot at you.
The harpoon shot hits you.
* * * LOW HITPOINT WARNING * * *
You are yanked forward by the harpoon shot.
You violently stop moving!
You die...

≈♣ ♣♣♣♣♣♣≈...
♣♣♣≈...≈....
♣..@≈≈.≈≈≈..
♣≈.≈≈≈.≈≈≈..
♣.≈≈≈≈.≈≈≈..
≈...≈≈≈≈≈≈≈≈≈
♣♣≈♣≈..§≈w≈≈..
≈.....≈≈i≈≈..
.. ...(≈≈≈≈.


You could see a spriggan rider (asleep) and a swamp worm.

Vanquished Creatures
  Frances (Swamp:2)
  Gastronok (Lair:3)
  A frost giant (IceCv)
  2 orc warlords (Orc:2)
  The ghost of Oluanan the Fighter, a journeyman DsFi of Hepliaklqana (Lair:3)
  A minotaur (Gauntlet)
  Snorg (D:10)
  A yaktaur captain (D:15)
  Erolcha (D:12)
  Harold (D:10)
  6 boulder beetles
  8 hydras
  A hell beast (Gauntlet)
  A ghost crab (Swamp:1)
  4 alligators (Swamp:1)
  A shambling mangrove (Swamp:1)
  4 centaur warriors
  2 dancing weapons (D:14)
  A queen ant (Gauntlet)
  4 two-headed ogres
  5 orc high priests (Orc:2)
  7 death yaks
  Urug (D:11)
  2 unseen horrors
  A spriggan druid (Swamp:2)
  A wizard (D:15)
  2 swamp dragons (Swamp:1)
  17 ugly things
  2 orc knights
  A wolf spider (Lair:6)
  2 orc sorcerers (Orc:2)
  2 deep elf magi
  A manticore (D:12)
  A guardian serpent (Lair:6)
  A black mamba (shapeshifter) (D:14)
  An ice statue (IceCv)
  6 cyclopes
  7 elephants (Lair:5)
  9 black mambas
  A smoke demon (Gauntlet)
  A molten gargoyle (Volcano)
  5 gargoyles
  Maggie (D:9)
  22 cane toads
  A freezing wraith (D:12)
  10 komodo dragons
  A rime drake (shapeshifter) (D:14)
  A rime drake (Lair:3)
  A yaktaur (D:15)
  A red devil (Gauntlet)
  2 tengu conjurers (D:13)
  10 trolls
  3 hornets (Lair:6)
  16 polar bears
  3 meliai (D:14)
  5 tyrant leeches
  9 blink frogs
  5 dream sheep (Lair:6)
  9 slime creatures
  3 bog bodies (Swamp:1)
  51 yaks
  Sigmund (D:6)
  3 fire elementals (Volcano)
  15 wyverns
  3 wraiths
  3 redbacks
  7 basilisks
  8 vampire mosquitoes (Swamp:1)
  Menkaure (D:5)
  6 wargs (Orc:2)
  4 insubstantial wisps (Swamp:1)
  An acid dragon (D:13)
  4 soldier ants (Gauntlet)
  9 swamp worms
  27 water moccasins
  33 orc warriors
  2 phantoms
  3 sky beasts
  A hornet zombie (D:14)
  3 eyes of draining
  14 ogres
  2 swamp drakes (Swamp:1)
  3 black bears
  12 ice beasts
  3 necrophages
  A sky beast (shapeshifter) (D:15)
  34 wolves
  11 centaurs
  20 bullfrogs
  10 big kobolds
  A gnoll sergeant (D:10)
  A wyvern zombie (D:12)
  13 scorpions
  2 wyvern skeletons
  8 howler monkeys
  4 electric eels
  4 crimson imps (Gauntlet)
  5 centaur zombies
  8 hounds
  3 quasits
  2 bullfrog zombies (D:11)
  A human zombie (Ossuary)
  6 centaur skeletons
  3 jellies
  37 orc priests
  33 orc wizards
  Crazy Yiuf (D:5)
  2 bullfrog skeletons
  6 iguanas
  7 worker ants
  3 big kobold zombies (Ossuary)
  A hound skeleton (D:7)
  3 mummies (Ossuary)
  2 worker ant zombies
  16 adders
  3 gnolls (D:10)
  7 scorpion zombies (Ossuary)
  2 shadow imps
  6 white imps
  3 ufetubi
  2 oozes
  2 adder skeletons
  An adder zombie (D:10)
  2 worms
  3 dart slugs
  A leopard gecko (D:5)
  100 orcs
  8 giant cockroaches
  9 goblins
  9 hobgoblins
  11 jackals
  23 kobolds
  3 quokkas
  6 bats
  6 frilled lizards
  A gnoll zombie (Ossuary)
  2 goblin zombies (Ossuary)
  2 hobgoblin zombies (Ossuary)
  3 kobold zombies (Ossuary)
  A leopard gecko skeleton (D:5)
  An orc zombie (Ossuary)
  A quokka skeleton (D:4)
  A quokka zombie (D:5)
  9 rats
917 creatures vanquished.

Vanquished Creatures (collateral kills)
  2 elephants (Lair:5)
  A swamp worm (Swamp:1)
  A water moccasin (Lair:5)
4 creatures vanquished.

Vanquished Creatures (others)
  A spriggan (Swamp:2)
  A centaur (D:8)
  A big kobold (D:8)
  A bullfrog (D:8)
  2 jellies (D:8)
  An orc wizard (D:8)
  A worker ant (D:8)
  A leopard gecko (D:8)
  2 orcs (D:8)
  42 fungi
  42 plants
95 creatures vanquished.

Grand Total: 1016 creatures vanquished

Notes
Turn   | Place    | Note
-------+----------+-------------------------------------------
     0 | D:1      | mandarbmax the Vine Stalker Transmuter began the quest for
                  | the Orb.
     0 | D:1      | Reached XP level 1. HP: 9/9 MP: 4/4
    25 | D:1      | Reached skill level 1 in Fighting
   142 | D:1      | Reached XP level 2. HP: 14/14 MP: 4/6
   164 | D:1      | Learned a level 2 spell: Wereblood
   176 | D:1      | Found a glowing golden altar of the Shining One.
   923 | D:2      | Reached XP level 3. HP: 18/18 MP: 0/7
  1008 | D:2      | Found a snail-covered altar of Cheibriados.
  1033 | D:2      | Reached skill level 4 in Unarmed Combat
  1040 | D:2      | Found a hazy altar of Hepliaklqana.
  1076 | D:2      | Became a worshipper of Cheibriados the Contemplative
  1235 | D:2      | Gained mutation: Your natural rate of healing is unusually
                  | fast. [Vine Stalker growth]
  1235 | D:2      | Reached XP level 4. HP: 16/22 MP: 8/8
  1244 | D:2      | Learned a level 3 spell: Spider Form
  1746 | D:3      | Reached * piety under Cheibriados
  1747 | D:3      | Reached skill level 1 in Poison Magic
  1838 | D:3      | Reached XP level 5. HP: 25/25 MP: 5/9
  1926 | D:3      | Found a white marble altar of Elyvilon.
  2037 | D:3      | Reached XP level 6. HP: 25/30 MP: 5/10
  2193 | D:3      | Reached skill level 5 in Unarmed Combat
  2204 | D:3      | Reached ** piety under Cheibriados
  2362 | D:4      | Found a sand-covered staircase.
  2372 | Ossuary  | Entered an ossuary
  2415 | Ossuary  | Reached XP level 7. HP: 28/33 MP: 11/11
  2417 | Ossuary  | Reached skill level 6 in Unarmed Combat
  2568 | Ossuary  | Reached skill level 7 in Unarmed Combat
  2586 | Ossuary  | Gained mutation: You have razor-sharp teeth. [Vine Stalker
                  | growth]
  2586 | Ossuary  | Reached XP level 8. HP: 33/37 MP: 10/12
  2680 | Ossuary  | Reached *** piety under Cheibriados
  2977 | D:4      | Found a blossoming altar of Fedhas.
  3008 | D:4      | Reached skill level 8 in Unarmed Combat
  3082 | D:4      | Found a bloodstained altar of Trog.
  4085 | D:5      | Entered Level 5 of the Dungeon
  4085 | D:5      | Found a burning altar of Makhleb.
  4090 | D:5      | Reached skill level 5 in Dodging
  4091 | D:5      | Found an opulent altar of Gozag.
  4351 | D:5      | Noticed Menkaure
  4358 | D:5      | Killed Menkaure
  4358 | D:5      | Reached skill level 1 in Stealth
  4358 | D:5      | Reached skill level 9 in Unarmed Combat
  4358 | D:5      | Reached XP level 9. HP: 41/41 MP: 10/13
  4397 | D:5      | Found a runed translucent door.
  4398 | D:5      | Noticed Crazy Yiuf
  4451 | D:5      | Reached **** piety under Cheibriados
  4918 | D:5      | Found a staircase to the Ecumenical Temple.
  4948 | D:5      | Learned a level 1 spell: Animate Skeleton
  5172 | D:5      | Killed Crazy Yiuf
  5358 | D:6      | Reached skill level 10 in Unarmed Combat
  5448 | D:6      | Reached skill level 1 in Invocations
  5506 | D:6      | Noticed a brown ugly thing
  5525 | D:6      | Noticed Sigmund
  5624 | D:6      | Killed Sigmund
  5624 | D:6      | Reached skill level 5 in Stealth
  5699 | D:6      | Killed a brown ugly thing
  5700 | D:6      | Reached XP level 10. HP: 38/45 MP: 14/14
  5936 | D:7      | Reached ***** piety under Cheibriados
  6003 | D:7      | Noticed a brown ugly thing
  6019 | D:7      | Killed a brown ugly thing
  6019 | D:7      | Reached skill level 5 in Invocations
  6245 | D:7      | Found a glowing silver altar of Zin.
  6250 | D:7      | Found a snail-covered altar of Cheibriados.
  6326 | D:7      | Found Kinemit's Weapon Emporium.
  6355 | D:7      | Found a broken altar of Ashenzari.
  6434 | D:7      | Got a scorched leather armour
  6456 | D:7      | HP: 1/45 [orc warrior/+0 trident (12)]
  6646 | D:7      | Got a steaming robe
  6789 | D:7      | Found a stormy altar of Qazlal.
  6806 | D:7      | Identified the cursed +0 leather armour "Boho" {*Drain
                  | rElec rN+} (You found it on level 7 of the Dungeon)
  6817 | D:7      | Identified the cursed +0 robe "Rysye" {SInv} (You found it
                  | on level 7 of the Dungeon)
  6949 | D:8      | Learned a level 5 spell: Blade Hands
  7193 | D:8      | Got a scorched arbalest
  7194 | D:8      | Identified the +7 arbalest of the Candle {penet, Int+2}
                  | (You found it on level 8 of the Dungeon)
  7320 | D:8      | Got a translucent bone ring
  7362 | D:8      | Found a shimmering altar of Xom.
  7938 | D:9      | Noticed Maggie
  7960 | D:9      | Killed Maggie
  8269 | D:9      | Reached skill level 5 in Transmutations
  8354 | D:9      | Noticed a two-headed ogre
  8360 | D:9      | Killed a two-headed ogre
  8360 | D:9      | Reached XP level 11. HP: 53/53 MP: 12/16
  8385 | D:9      | You fall into a shaft and drop 2 floors!
  8385 | D:11     | Found a basalt altar of Yredelemnul.
  8386 | D:11     | Noticed a boulder beetle
  8386 | D:11     | Noticed a cyclops
  8387 | D:11     | Noticed a green ugly thing
  8393 | D:11     | Noticed a purple ugly thing
  8401 | D:11     | Killed a green ugly thing
  8404 | D:11     | Killed a green ugly thing
  8409 | D:11     | Noticed a red ugly thing
  8416 | D:11     | Killed a red ugly thing
  8442 | D:11     | Reached ****** piety under Cheibriados
  8442 | D:11     | Reached skill level 5 in Fighting
  8449 | D:11     | Noticed Urug
  8456 | D:11     | Killed Urug
  8478 | D:10     | Entered Level 10 of the Dungeon
  8478 | D:10     | Noticed Harold
  8483 | D:10     | Killed Harold
  8527 | D:10     | Noticed a white ugly thing
  8531 | D:10     | Killed a white ugly thing
  8570 | D:10     | Found a sparkling altar of Nemelex Xobeh.
  8626 | D:10     | Noticed Snorg
  8637 | D:10     | Killed Snorg
  8728 | D:10     | Got an encrusted leather armour
  8739 | D:10     | Identified the cursed +0 leather armour of Submission
                  | {rPois Str+6 Dex+4 Slay-3} (You found it on level 10 of the
                  | Dungeon)
  8872 | D:9      | Found a shimmering blue altar of Sif Muna.
  8875 | D:9      | Found a sparkling altar of Nemelex Xobeh.
  9189 | D:10     | Found a staircase to the Lair.
  9386 | D:10     | Found a staircase to the Orcish Mines.
  9395 | D:10     | Gained mutation: You heal very quickly. [Vine Stalker
                  | growth]
  9395 | D:10     | Reached XP level 12. HP: 60/60 MP: 10/17
  9528 | Lair:1   | Entered Level 1 of the Lair of Beasts
  9569 | Lair:1   | Identified the ring "Hiafizeryx" {rN+ MP+9 Str+2 Dex+4}
                  | (You found it on level 8 of the Dungeon)
  9635 | Lair:1   | Reached skill level 1 in Necromancy
  9635 | Lair:1   | Reached skill level 1 in Evocations
  9676 | Lair:1   | You fall into a shaft and drop 1 floor!
  9786 | Lair:1   | Learned a level 4 spell: Animate Dead
 10664 | Lair:2   | Found a staircase to the Swamp.
 11084 | Lair:3   | Noticed a boulder beetle
 11090 | Lair:3   | Noticed Gastronok
 11104 | Lair:3   | Killed a boulder beetle
 11104 | Lair:3   | Reached skill level 10 in Dodging
 11114 | Lair:3   | Killed Gastronok
 11131 | Lair:3   | Found a frozen archway.
 11133 | Lair:3   | Found a runed translucent door.
 11133 | Lair:3   | Noticed Oluanan's ghost (journeyman DsFi)
 11143 | Lair:3   | Reached XP level 13. HP: 65/65 MP: 20/20
 11158 | IceCv    | Entered an ice cave
 11188 | IceCv    | Reached skill level 11 in Unarmed Combat
 11467 | IceCv    | Noticed a frost giant
 11479 | IceCv    | Killed a frost giant
 11770 | Lair:3   | You fall into a shaft and drop 3 floors!
 11770 | Lair:6   | Entered Level 6 of the Lair of Beasts
 11903 | Lair:5   | Reached skill level 12 in Unarmed Combat
 12210 | Lair:4   | Reached XP level 14. HP: 67/75 MP: 21/21
 12284 | Lair:4   | Learned a level 4 spell: Ice Form
 12317 | Lair:4   | Reached skill level 13 in Unarmed Combat
 12474 | Lair:4   | Found a hole to the Spider Nest.
 13126 | Lair:3   | Reached skill level 10 in Fighting
 13785 | Lair:3   | Killed Oluanan's ghost
 14070 | Lair:5   | Reached skill level 5 in Necromancy
 14493 | Lair:5   | Found a staircase to the Slime Pits.
 14941 | Lair:6   | Reached skill level 14 in Unarmed Combat
 15018 | Lair:6   | Reached XP level 15. HP: 65/80 MP: 18/22
 15711 | Orc:1    | Entered Level 1 of the Orcish Mines
 15744 | Orc:1    | Reached skill level 10 in Stealth
 15779 | Orc:1    | Found Saanyuha's Book Shop.
 15963 | Orc:2    | Entered Level 2 of the Orcish Mines
 16079 | Orc:2    | Found Davvisua's Armour Shop.
 16080 | Orc:2    | Found Ecovef's Magic Scroll Boutique.
 16081 | Orc:2    | Found Ypnoari's Book Boutique.
 16083 | Orc:2    | Found Bistehosah's Distillery.
 16109 | Orc:2    | Found a staircase to the Elven Halls.
 16113 | Orc:2    | Noticed an orc warlord
 16129 | Orc:2    | Killed an orc warlord
 16160 | Orc:2    | Found a flickering gateway to a bazaar.
 16168 | Bazaar   | Entered a bazaar
 16168 | Bazaar   | Found Wicidgh's Jewellery Boutique.
 16168 | Bazaar   | Found Mielabann's Jewellery Boutique.
 16198 | Bazaar   | Found Ufomotec's Assorted Antiques.
 16242 | Bazaar   | Found Reumamim's Armour Boutique.
 16279 | Bazaar   | Bought the amulet "Jaecy" {Faith Str+7 Stlth+} for 1032
                  | gold pieces
 16296 | Bazaar   | Bought 3 scrolls of blinking for 472 gold pieces
 16337 | Orc:2    | Found a dark tunnel.
 16342 | Volcano  | Entered a volcano
 16729 | Orc:2    | Noticed an orc warlord
 16741 | Orc:2    | Killed an orc warlord
 17358 | Orc:2    | Reached skill level 1 in Armour
 17448 | Orc:2    | Found a roughly hewn altar of Beogh.
 17984 | D:11     | Found Fuleas's Antique Armour Shop.
 18809 | D:12     | Noticed Erolcha
 18817 | D:12     | Killed Erolcha
 19017 | D:12     | Found Gofaymia's Distillery.
 19749 | D:13     | Found a gate leading to a gauntlet.
 19758 | Gauntlet | Entered a Gauntlet
 19758 | Gauntlet | Found a transporter.
 19765 | Gauntlet | Found a transporter.
 19767 | Gauntlet | Found a transporter.
 19783 | Gauntlet | Found a transporter.
 19784 | Gauntlet | Found a transporter.
 19794 | Gauntlet | Found a transporter.
 19810 | Gauntlet | Found a transporter.
 19817 | Gauntlet | Found a transporter.
 19834 | Gauntlet | Found a transporter.
 19839 | Gauntlet | Found a transporter.
 19851 | Gauntlet | Found a transporter.
 19852 | Gauntlet | Found a transporter.
 19886 | Gauntlet | Found a transporter.
 19891 | Gauntlet | Found a transporter.
 19966 | Gauntlet | Got a clouded lead ring
 19970 | Gauntlet | Identified the ring "Ytoat" {*Tele *Slow rN+ Dex+4} (You
                  | found it in a Gauntlet)
 20015 | Gauntlet | Identified Obluuhefuz's Guide on Beguiling
 20083 | Gauntlet | Identified the ring of the Devil {MR+ MP+9}
 20189 | D:13     | You fall into a shaft and drop 2 floors!
 20189 | D:15     | Entered Level 15 of the Dungeon
 20427 | D:15     | Reached XP level 16. HP: 58/87 MP: 19/23
 21051 | D:14     | Reached skill level 15 in Unarmed Combat
 21368 | D:14     | Identified a scroll of acquirement
 21785 | D:14     | Acquired a manual of Fire Magic
 21793 | D:14     | Found a gate to the Vaults.
 21860 | D:14     | Found a snail-covered altar of Cheibriados.
 22472 | D:13     | Found Paxint's Distillery.
 23407 | D:15     | Found a staircase to the Depths.
 23703 | Swamp:1  | Entered Level 1 of the Swamp
 24462 | Swamp:1  | Found a glowing golden altar of the Shining One.
 24777 | Swamp:2  | Noticed Frances
 24790 | Swamp:2  | Killed Frances
 24790 | Swamp:2  | Reached skill level 10 in Necromancy
 24790 | Swamp:2  | Reached skill level 10 in Transmutations
 24795 | Swamp:2  | HP: 1/87 [swamp worm/harpoon shot (4)]
 24795 | Swamp:2  | Collided with some deep water

Illustrated notes

Levels and vault maps discovered:
D:1:      wander_arrival_desolate, layout_basic, st_stairs_12, tso_metal_star
D:2:      layout_basic, lemuel_round_altar, cheibriados_altar_1
D:3:      layout_rooms, nicolae_overflow_hidden_temple
D:4:      layout_layer_cave, fedhas_altar_4, kennysheep_mini_moat,
          lightli_ossuary_entry_decrepit_ruins
D:5:      layout_basic, chequers_temple_overflow_statue_of_worship,
          minmay_temple_entry_offerings, minivault_4, uniq_menkaure,
          uniq_crazy_yiuf_cottage
D:6:      layout_rooms, uniq_sigmund
D:7:      layout_basic, ashenzari_altar_1, marbit_many_paths,
          amethyst_overflow_temple_binary, serial_shops,
          nicolae_shop_statue_plus, minmay_misc_feat_doors
D:8:      kennysheep_windowed_halls, layout_basic, xom_confusion_cloud,
          st_stairs_7, small_statue_intersection
D:9:      layout_rooms, minitemple, minivault_26, uniq_maggie
D:10:     layout_rooms, grunt_lair_entry_orc_guard_hut,
          kennysheep_orc_monster_closet_entryway, basic_altar, uniq_harold,
          uniq_snorg
D:11:     layout_stronghold, basic_altar, serial_shops, shop, minmay_holes,
          uniq_urug
D:12:     layout_rooms, serial_shops, nicolae_shop_trees, fungi_pond_lemuel,
          uniq_erolcha
D:13:     layout_stronghold, gauntlet_entry_generic, serial_shops, shop,
          moated_statue
D:14:     minmay_ornate_pinched, layout_irregular_city, erik_vaults_1,
          basic_altar, chequers_serial_rivers_large_a, drop_trap
D:15:     grunt_enter_depths_snipers, layout_basic
Lair:1:   layout_chaotic_city, grunt_megastairs_1
Lair:2:   layout_hall_layers, minmay_swamp_entry_worms
Lair:3:   layout_long_grid, portal_ice_cave_entry_ice_beasts,
          hellmonk_ghost_happy_afterlife, uniq_gastronok
Lair:4:   layout_long_grid, spider_nest_entry_rubble, serial_bayou_crossing,
          serial_bayou_shore_a, infiniplex_staircase_pool_2
Lair:5:   layout_long_grid, slime_dummy, lemuel_fruit_fields
Lair:6:   hangedman_lair_tendril_chambers, layout_hall_layers
Swamp:1:  layout_basic_swamp, nicolae_swamp_godswood, swamp_pool1
Swamp:2:  layout_basic_swamp, evilmike_swamp_ruin_house_2, uniq_frances,
          uniq_jorgrun, uniq_roxanne
Orc:1:    layout_caves, serial_shops, nicolae_shop_trees
Orc:2:    st_orc_mages, layout_caves, basic_altar, serial_shops,
          bzr_entry_islet, enter_volcano_4, nicolae_orc_flooded_monolith

Skill      XL: |  1  2  3  4  5  6  7  8  9 10 11 12 13 14 15 16 |
---------------+-------------------------------------------------+-----
Fighting       | 1 4 5 6 9 10 11 | 11.0
Dodging        | 2 3 5 6 9 10 11 | 11.0
Unarmed Combat | 4 5 7 9 10 12 14 15 | 15.0
Transmutations | 3 4 5 7 8 10 | 10.0
Poison Magic   | 1 |  1.0
Stealth        | 1 6 9 12 | 12.0
Invocations    | 4 6 8 |  8.0
Necromancy     | 4 6 10 | 10.0
Evocations     | 4 |  4.0
Spellcasting   | 4 |  4.3
Armour         | 2 3 |  3.0

Action                   |  1- 3 |  4- 6 |  7- 9 | 10-12 | 13-15 | 16-18 || total
-------------------------+-------+-------+-------+-------+-------+-------++-------
Melee: Unarmed           |    60 |    82 |   202 |   314 |   647 |   221 ||  1526
       Kick              |    15 |    38 |    75 |    20 |    11 |       ||   159
       Bite              |     9 |    25 |    71 |    96 |   242 |    95 ||   538
       Headbutt          |     8 |    22 |    44 |    18 |     6 |       ||    98
       Punch             |     1 |     1 |     7 |    23 |    59 |    22 ||   113
 Fire: Arbalest          |       |       |       |       |    36 |    25 ||    61
Throw: Boomerang         |       |       |     2 |     8 |       |       ||    10
 Cast: Beastly Appendage |    24 |    16 |    26 |    12 |     3 |       ||    81
       Wereblood         |    11 |     8 |    16 |    15 |    41 |     5 ||    96
       Spider Form       |       |     2 |    11 |    17 |       |       ||    30
       Animate Skeleton  |       |       |     1 |     7 |       |       ||     8
       Blade Hands       |       |       |       |    36 |   114 |    51 ||   201
       Animate Dead      |       |       |       |     2 |    22 |     8 ||    32
       Ice Form          |       |       |       |       |     1 |       ||     1
Invok: Temporal Distorti |       |       |     1 |       |       |       ||     1
       Slouch            |       |       |       |     2 |     5 |       ||     7
       Bend Time         |       |       |       |       |     3 |       ||     3
 Abil: End Transformatio |       |       |       |     2 |    15 |     5 ||    22
Evoke: Wand              |       |       |     1 |     8 |       |       ||     9
  Use: Scroll            |       |    10 |    13 |    13 |     7 |     6 ||    49
       Potion            |       |       |     2 |     1 |     4 |     1 ||     8
 Stab: Sleeping          |       |       |     5 |    19 |    13 |     4 ||    41
       Invisible         |       |       |     3 |       |       |       ||     3
       Confused          |       |       |       |     1 |       |       ||     1
       Distracted        |       |       |       |       |     3 |       ||     3
Armor: Robe              |     5 |       |       |       |       |       ||     5
       Steam dragon scal |    10 |    16 |    28 |    24 |       |       ||    78
       Skin              |       |       |       |     1 |       |       ||     1
       Swamp dragon scal |       |       |       |    17 |   107 |    44 ||   168
Dodge: Dodged            |    34 |    50 |   160 |   321 |   760 |   286 ||  1611

Table legend: (Time is in decaauts)
 A = Elapsed time spent in this place.
 B = Non-inter-level travel time spent in this place.
 C = Inter-level travel time spent in this place.
 D = Time resting spent in this place.
 E = Time spent auto-exploring this place.
 F = Levels seen in this place.
 G = Mean time per level.
                   A        B        C        D        E       F      G
               +--------+--------+--------+--------+--------+-----+--------+
         Total |  39179 |  36954 |   2225 |    852 |  28281 |  30 | 1306.0 |
       Dungeon |  22189 |  20892 |   1297 |    501 |  16759 |  15 | 1479.3 |
          Lair |   9633 |   8938 |    695 |    301 |   7250 |   6 | 1605.5 |
         Swamp |   1762 |   1698 |     64 |      0 |   1437 |   2 |  881.0 |
  Orcish Mines |   2765 |   2598 |    167 |      0 |   1953 |   2 | 1382.5 |
        Bazaar |    291 |    291 |      0 |      0 |      0 |   1 |  291.0 |
       Ossuary |    486 |    486 |      0 |     28 |    135 |   1 |  486.0 |
      Ice Cave |   1025 |   1025 |      0 |      0 |    556 |   1 | 1025.0 |
       Volcano |    447 |    447 |      0 |      0 |    179 |   1 |  447.0 |
      Gauntlet |    577 |    577 |      0 |     22 |     10 |   1 |  577.0 |
               +--------+--------+--------+--------+--------+-----+--------+

Top non-repeatable levels by time:
    D:13: 2176 daAuts
    D:14: 2167 daAuts
     D:4: 2008 daAuts
  Lair:6: 1927 daAuts
   Orc:2: 1886 daAuts
    D:15: 1856 daAuts
     D:5: 1853 daAuts
  Lair:4: 1840 daAuts
    D:11: 1796 daAuts
  Lair:3: 1676 daAuts
     D:8: 1602 daAuts
  Lair:1: 1549 daAuts
 Swamp:1: 1492 daAuts
     D:7: 1431 daAuts
    D:10: 1428 daAuts
